 Dungeon Crawl Stone Soup version 0.26-a0-651-gb41185065b (webtiles) character file.

Game seed: 16610115305309777548

330 Ozzies the Ruffian (level 6, -4/62 HPs)
             Began as a Troll Monk on Oct 3, 2020.
             Slain by a gnoll (6 damage)
             ... on level 4 of the Dungeon.
             The game lasted 00:06:34 (2561 turns).

Ozzies the Ruffian (Troll Monk)                     Turns: 2561, Time: 00:06:35

Health: -4/62      AC:  6    Str: 22    XL:     6   Next: 26%
Magic:  5/5        EV: 15    Int:  6    God:
Gold:   196        SH:  0    Dex: 12    Spells: 5/5 levels left

rFire    . . .     SeeInvis .     - Unarmed
rCold    . . .     Faith    .   (no shield)
rNeg     . . .     Spirit   .   a - +0 robe
rPois    .         Reflect  .   (helmet restricted)
rElec    .         Harm     .   (no cloak)
rCorr    .         Rampage  .   (gloves unavailable)
MR       .....                  (boots unavailable)
Stlth    ++........             (no amulet)
HPRegen  0.60/turn              (no ring)
MPRegen  0.09/turn              j - +4 ring of evasion

@: no status effects
A: large, unfitting armour, claws 3, regeneration 1, shaggy fur 1, tough skin 3
a: no special abilities


You were on level 4 of the Dungeon.
You visited 1 branch of the dungeon, and saw 4 of its levels.
You also visited: Sewer.

You collected 196 gold pieces.

Inventory:

Missiles
 s - 5 large rocks (quivered)
Armour
 a - a +0 robe (worn)
Jewellery
 f - an uncursed ring of fire
 j - a +4 ring of evasion (right claw)
Wands
 t - a wand of paralysis (7)
Scrolls
 b - 5 scrolls of identify {unknown}
 c - 3 scrolls of immolation {unknown}
 e - 4 scrolls of noise {unknown}
 m - 4 scrolls of teleportation {unknown}
 n - a scroll of remove curse {unknown}
 p - 2 scrolls of fear {unknown}
 q - a scroll of blinking {unknown}
 r - a scroll of enchant weapon {unknown}
Potions
 d - 2 potions of berserk rage {unknown}
 g - a potion of stabbing {unknown}
 h - a potion of curing {unknown}
 i - 2 potions of mutation {unknown}
 k - a potion of flight {unknown}
 l - a potion of brilliance {unknown}
 o - 2 potions of lignification {unknown}


   Skills:
 * Level 3.8 Fighting
 + Level 3.8 Dodging
 - Level 1.0 Stealth
 - Level 5.0 Unarmed Combat


You had 5 spell levels left.
You didn't know any spells.
Your spell library contained the following spells:

 Spells                   Type           Power        Failure   Level
 Magic Dart               Conj           #...         45%         1
 Blink                    Tloc           N/A          58%         2
 Call Imp                 Summ           #.......     58%         2
 Slow                     Hex            #.......     58%         2
 Conjure Flame            Conj/Fire      #.......     83%         3
 Mephitic Cloud           Conj/Pois/Air  #.......     83%         3


Dungeon Overview and Level Annotations

Branches:
Dungeon (4/15)              Sewer (visited)
 Temple: D:4-7

Altars:
Gozag


Innate Abilities, Weirdness & Mutations

You are too large for most types of armour.
You have claws for hands.
Your natural rate of healing is unusually fast.
You are covered in fur. (AC +1)
You have extremely tough skin. (AC +3)


Message History

* * * LOW HITPOINT WARNING * * *
The gnoll barely misses you. The gnoll misses you.
The gnoll completely misses you.
The gnoll hits you from afar with a +0 spear.
* * * LOW HITPOINT WARNING * * *
The gnoll shaman closely misses you. The gnoll hits you.
* * * LOW HITPOINT WARNING * * *
The gnoll misses you. The gnoll barely misses you.
The gnoll shaman calls down the wrath of its god upon you.
You resist with some effort.
The gnoll shaman prays to its god.
The gnoll shaman is healed somewhat.
Unknown command.
The gnoll misses you. The gnoll hits you.
* * * LOW HITPOINT WARNING * * *
You see here a gold piece.
The gnoll hits you with a +4 flail.
* * * LOW HITPOINT WARNING * * *
The gnoll misses you. The gnoll closely misses you. The gnoll hits you.
You die...

....... ..#####.......
........# #.#...........
.........# #.#...........
.........####.............
.............#............
............#............
............##...........
##........##...........
#....@g..##........... .
#..?gg...##...(.......
..#####....g...##...........
.........g$....###.##.......
...............# #.......###
(....?...(.....# ##..)...#
..........###### #......#
.......†..# ##.....#
..........# #.>...###


You could see a gnoll shaman and 4 gnolls.

Vanquished Creatures
  Purgy (Sewer)
  2 orc priests (D:4)
  Robin (D:3)
  A gnoll (D:4)
  2 adders
  An ooze (D:2)
  An adder skeleton (D:4)
  6 worms
  6 dart slugs
  3 leopard geckos
  4 orcs
  8 ball pythons
  A giant cockroach (D:1)
  15 goblins
  13 hobgoblins
  7 jackals
  7 kobolds
  A quokka (D:3)
  3 bats (D:3)
  4 frilled lizards
  8 rats
95 creatures vanquished.

Notes
Turn   | Place    | Note
-------+----------+-------------------------------------------
     0 | D:1      | Ozzies the Troll Monk began the quest for the Orb.
     0 | D:1      | Reached XP level 1. HP: 22/22 MP: 0/0
    49 | D:1      | Reached XP level 2. HP: 28/29 MP: 1/1
   305 | D:1      | Reached XP level 3. HP: 36/36 MP: 2/2
  1120 | D:2      | Reached XP level 4. HP: 45/45 MP: 3/3
  1322 | D:3      | Found a glowing drain.
  1322 | D:3      | Found an opulent altar of Gozag.
  1329 | D:3      | Noticed Robin
  1341 | D:3      | Killed Robin
  1341 | D:3      | Reached skill level 4 in Unarmed Combat
  1465 | Sewer    | Entered a sewer
  1506 | Sewer    | Noticed Purgy
  1512 | Sewer    | Killed Purgy
  1512 | Sewer    | Reached XP level 5. HP: 49/53 MP: 4/4
  1852 | D:3      | Reached skill level 5 in Unarmed Combat
  2364 | D:4      | Reached XP level 6. HP: 26/62 MP: 5/5
  2560 | D:4      | HP: 1/62 [gnoll/+4 flail (6)]
  2561 | D:4      | Slain by a gnoll

Illustrated notes

Levels and vault maps discovered:
D:1:      moated_graveyard_arrival, layout_rooms, minmay_misc_feat_more_columns
D:2:      layout_loops_ring
D:3:      layout_loops_corners, cheibrodos_sewer_entry_drain,
          nicolae_gozag_seed_capital, uniq_robin
D:4:      layout_basic, nicolae_qazlal_eye_of_the_storm

Skill      XL: |  1  2  3  4  5 |
---------------+----------------+-----
Fighting       | 3 |  3.8
Dodging        | 3 |  3.8
Unarmed Combat | 4 5 |  5.0
Stealth        | |  1.0

Action                   |  1- 3 |  4- 6 || total
-------------------------+-------+-------++-------
Melee: Unarmed           |    99 |   136 ||   235
       Punch             |       |     5 ||     5
Throw: Large rock        |       |     6 ||     6
 Stab: Sleeping          |     2 |     4 ||     6
Armor: Robe              |    38 |    39 ||    77
Dodge: Dodged            |    40 |   152 ||   192

Table legend: (Time is in decaauts)
 A = Elapsed time spent in this place.
 B = Non-inter-level travel time spent in this place.
 C = Inter-level travel time spent in this place.
 D = Time resting spent in this place.
 E = Time spent auto-exploring this place.
 F = Levels seen in this place.
 G = Mean time per level.
                   A        B        C        D        E       F      G
               +--------+--------+--------+--------+--------+-----+--------+
         Total |   2581 |   2433 |    148 |      0 |   1818 |   5 |  516.2 |
       Dungeon |   2408 |   2260 |    148 |      0 |   1740 |   4 |  602.0 |
         Sewer |    173 |    173 |      0 |      0 |     78 |   1 |  173.0 |
               +--------+--------+--------+--------+--------+-----+--------+

Top non-repeatable levels by time:
     D:3: 1019 daAuts
     D:2: 665 daAuts
     D:1: 493 daAuts
     D:4: 230 daAuts
   Sewer: 173 daAuts
